 Dungeon Crawl Stone Soup version 0.29.1-1-gd02db6906a (webtiles) character file.

Game seed: 6801611211382542334

915 experimilk the Basher (level 7, -2/55 HPs)
             Began as a Palentonga Fighter on Sept 21, 2022.
             Was an Initiate of Ashenzari.
             Slain by Dowan
             ... wielding a +2 dagger of flaming
              (3 damage)
             ... on level 5 of the Dungeon.
             The game lasted 00:11:29 (6409 turns).

experimilk the Basher (Palentonga Fighter)          Turns: 6409, Time: 00:11:29

Health: -2/55      AC: 14    Str: 23    XL:     7   Next: 82%
Magic:  7/7        EV:  8    Int:  9    God:    Ashenzari [......]
Gold:   233        SH:  9    Dex:  9    Spells: 6/6 levels left

rFire   . . .      SeeInvis +   y - +1 whip (venom)
rCold   . . .      Faith    .   c - +0 buckler
rNeg    . . .      Spirit   .   v - +0 ring mail
rPois   .          Reflect  +   h - +0 helmet
rElec   .          Harm     .   (no cloak)
rCorr   .          Rampage  .   (no gloves)
Will    .....                   (no barding)
Stlth   ..........              z - amulet of Ashenzari's Ordeal {Reflect SH+5, Evo, Cun} (curse)
HPRegen 0.18/turn               (no ring)
MPRegen 0.10/turn               (no ring)

@: curled up
A: large, rugged brown scales 3, see invisible, deformed body, roll 1, armoured
tail, reflexive curl
a: Rolling Charge, Renounce Religion, Curse Item, Shatter the Chains


You were on level 5 of the Dungeon.
You worshipped Ashenzari.
Ashenzari was noncommittal.
You visited 1 branch of the dungeon, and saw 5 of its levels.

You collected 233 gold pieces.

Inventory:

Hand Weapons
 a - a +0 flail
 y - a +1 whip of venom (weapon)
Missiles
 p - 9 javelins (quivered)
 B - a throwing net
Armour
 b - a +0 scale mail
 c - a +0 buckler (worn)
 h - a +0 helmet (worn)
 r - a +0 plate armour
 v - a +0 ring mail (worn)
Jewellery
 z - the cursed amulet of Ashenzari's Ordeal (around neck) {Reflect SH+5, Evo, Cun}
   (You found it on level 4 of the Dungeon)

   [amulet of reflection]

   It reflects blocked missile attacks.
   SH:        It affects your SH (+5).
   It has a curse which improves the following skills: Evocations: Evocations.
   Cunning:   Dodging and Stealth.
Wands
 s - a wand of mindburst (10)
 C - a wand of iceblast (8)
Scrolls
 e - a scroll of teleportation
 g - a scroll of silence {unknown}
 l - a scroll of immolation {unknown}
 n - 2 scrolls of magic mapping {unknown}
 q - 2 scrolls of amnesia {unknown}
 t - 2 scrolls of summoning {unknown}
 w - 2 scrolls of blinking {unknown}
Potions
 d - 3 potions of might
 f - a potion of mutation
 j - a potion of haste
 k - a potion of ambrosia
 m - 3 potions of curing
 o - a potion of magic
 u - a potion of brilliance {unknown}
 x - 2 potions of attraction
 A - a potion of flight {unknown}


   Skills:
 - Level 3.0 Fighting
 + Level 8.4 Maces & Flails
 - Level 2.4 Armour
 - Level 2.6 Shields
 - Level 3.2(3.6) Evocations


You had 6 spell levels left.
You didn't know any spells.
Your spell library contained the following spells:

 Spells                   Type           Power      Damage    Failure   Level
 Summon Small Mammal      Summ           0%         N/A       61%         1
 Call Canine Familiar     Summ           0%         N/A       93%         3
 Summon Guardian Golem    Hex/Summ       0%         N/A       93%         3


Dungeon Overview and Level Annotations

Branches:
Dungeon (5/15)
 Temple: D:4-7

Altars:
Ashenzari
Okawaru
Qazlal
Zin

Shops:
D:4 (

Annotations:
D:4 3 runed translucent doors, ChrisAssaf's ghost, amateur NaSu
D:5 Dowan


Innate Abilities, Weirdness & Mutations

You are completely covered in rugged brown scales. (AC +3, +7% HP)
You have supernaturally acute eyesight. (SInv)
Armour fits poorly on your strangely shaped body.
You can roll at nearby foes to attack.
You have a long armoured tail.
You curl defensively after being hit. (AC +7*)


Message History

There's nothing you can charge at!
Things that are here:
a +0 rapier; a +0 ring mail Roll where?
Press: ? - help, Dir - move target, f - Dowan
Aim: Dowan, wielding a +2 dagger of flaming, wearing a +0 robe and carrying a wand of flame (29) (fast)
You roll forward with a clatter of scales!
You whack Dowan!
Dowan is moderately wounded.
Dowan hits you with a +2 dagger of flaming.
* * * LOW HITPOINT WARNING * * *
Dowan burns you.
* * * LOW HITPOINT WARNING * * *
You closely miss Dowan. You tail-slap Dowan!
Dowan is almost dead.
Dowan hits you but does no damage.
Dowan hits you with a +2 dagger of flaming.
* * * LOW HITPOINT WARNING * * *
Dowan burns you.
* * * LOW HITPOINT WARNING * * *
You feel much better. Dowan hits you but does no damage.
You miss Dowan.
Your tail-slap misses Dowan.
Dowan is almost dead.
Dowan hits you with a +2 dagger of flaming.
Dowan burns you.
You miss Dowan.
Dowan is almost dead.
Dowan hits you with a +2 dagger of flaming.
Dowan burns you.
You hit Dowan.
Dowan is almost dead.
Dowan points at you and mumbles some strange words.
The stone arrow hits you!!
* * * LOW HITPOINT WARNING * * *
You hit Dowan but do no damage.
Dowan is poisoned.
Dowan is almost dead.
Dowan hits you with a +2 dagger of flaming.
* * * LOW HITPOINT WARNING * * *
Dowan burns you.
You die...

######...>..............#..######
#.......................#........
#.......................#........
#.......................#........
#.......................#######'#
.#######+##......#'###...........
.#........#.....)'...#...........
.#........#......#...#...........
.'........#.....@#####...........
.#....##..#.....e# #....####...
.#....##..#......# #....#. #...
.#######..+......# #....#..####
.#....##..#......+ #....#......
.#.....#..#......## #....#......
.#.....#..#.......# ......
.###'###..#..>....# ......
.#....##..#.......# ......


You could see Dowan (fast, very poisoned).

Vanquished Creatures
  Sigmund (D:4)
  A wyvern (D:5)
  Duvessa (D:5)
  2 scorpions
  A jelly (D:5)
  A howler monkey (D:4)
  2 hounds (D:5)
  2 orc wizards (D:5)
  4 gnolls (D:4)
  3 adders
  An ufetubus (D:5)
  2 worms
  5 dart slugs
  9 orcs
  7 ball pythons
  9 bats
  9 endoplasms
  7 giant cockroaches
  8 goblins
  8 hobgoblins
  15 jackals
  7 kobolds
  3 quokkas
  3 frilled lizards
  7 rats
118 creatures vanquished.

Notes
Turn   | Place    | Note
-------+----------+-------------------------------------------
     0 | D:1      | experimilk the Palentonga Fighter began the quest for the
                  | Orb.
     0 | D:1      | Reached XP level 1. HP: 19/19 MP: 1/1
     1 | D:1      | Found a runed translucent door.
   230 | D:1      | Reached XP level 2. HP: 21/25 MP: 2/2
   316 | D:1      | Reached skill level 3 in Maces & Flails
   648 | D:1      | Reached XP level 3. HP: 24/31 MP: 3/3
  1309 | D:1      | Reached skill level 4 in Maces & Flails
  1890 | D:2      | Reached XP level 4. HP: 27/37 MP: 4/4
  2077 | D:2      | Found a faded altar of an unknown god.
  3260 | D:3      | Found a glowing silver altar of Zin.
  3261 | D:3      | Found a broken altar of Ashenzari.
  3261 | D:3      | Found a stormy altar of Qazlal.
  3270 | D:3      | Became a worshipper of Ashenzari the Shackled
  3515 | D:4      | Reached skill level 1 in Evocations
  3515 | D:4      | Reached XP level 5. HP: 30/43 MP: 5/5
  3516 | D:4      | Reached skill level 5 in Maces & Flails
  4265 | D:4      | Found an iron altar of Okawaru.
  4417 | D:4      | Found Kyhantidgh's Firing Range.
  4516 | D:4      | Noticed Sigmund
  4522 | D:4      | Killed Sigmund
  4523 | D:4      | Reached skill level 6 in Maces & Flails
  4523 | D:4      | Reached XP level 6. HP: 43/50 MP: 6/6
  4592 | D:4      | Noticed ChrisAssaf's ghost (amateur NaSu)
  4711 | D:4      | Found a runed translucent gate.
  4712 | D:4      | Found a runed translucent gate.
  4713 | D:4      | Found a runed translucent gate.
  4722 | D:4      | Identified the +6 mace of Wrath {freeze, rElec rC+ Int+3
                  | Stlth+}
  4722 | D:4      | Identified the +8 ring mail of Ugongumi {*Slow rN+ Str+3}
  5050 | D:5      | Entered Level 5 of the Dungeon
  5238 | D:5      | Gained mutation: You curl defensively after being hit. (AC
                  | +7*) [Palentonga growth]
  5238 | D:5      | Reached XP level 7. HP: 36/55 MP: 7/7
  5544 | D:5      | Reached skill level 7 in Maces & Flails
  5781 | D:5      | Noticed a wyvern
  5786 | D:5      | Killed a wyvern
  6251 | D:5      | Reached skill level 8 in Maces & Flails
  6386 | D:5      | Noticed Duvessa
  6386 | D:5      | Noticed Dowan
  6399 | D:5      | Killed Duvessa
  6409 | D:5      | HP: 1/55 [Dowan/+2 dagger of flaming (6)]
  6409 | D:5      | Slain by Dowan

Illustrated notes

Levels and vault maps discovered:
D:1:      dpeg_arrival_caged_fury, layout_basic
D:2:      minmay_chambers_of_twos, layout_basic, ebering_ecumenical_altar_rust
D:3:      layout_basic, gammafunk_temple_overflow_claw, kennysheep_small_spiral
D:4:      layout_cave_pools, okawaru_altar_gauntlet_db,
          biasface_ghost_orc_armoury, kennysheep_another_room, minivault_27,
          nicolae_shop_firing_range, uniq_sigmund
D:5:      layout_gridville, uniq_duvessa

Skill      XL: |  1  2  3  4  5  6  7 |
---------------+----------------------+-----
Maces & Flails | 3 4 6 8 |  8.4
Evocations     | 1 3 |  3.2
Fighting       | |  3.0
Armour         | |  2.4
Shields        | |  2.6

Action                   |  1- 3 |  4- 6 |  7- 9 || total
-------------------------+-------+-------+-------++-------
Melee: Flail             |   121 |    58 |       ||   179
       Tailslap          |    10 |    18 |    15 ||    43
       Whip              |       |    79 |    68 ||   147
Throw: Javelin           |       |     2 |       ||     2
Invok: Curse Item        |       |     1 |       ||     1
 Abil: Rolling Charge    |    26 |    18 |    11 ||    55
Evoke: Wand              |       |       |     3 ||     3
  Use: Potion            |     1 |       |     1 ||     2
       Scroll            |     2 |     5 |     2 ||     9
Armor: Scale mail        |    68 |    15 |       ||    83
       Ring mail         |       |    41 |     9 ||    50
Dodge: Dodged            |    43 |    44 |     8 ||    95
Block: Buckler           |    17 |    28 |    21 ||    66
